[Event "XV South American-ch Open U20 2019"]
[Site "Asuncion"]
[Date "2019.05.11"]
[Round "1.10"]
[White "Vazquez, Facundo"]
[Black "Avalos Sanabria, Augusto Alfredo"]
[Result "1-0"]
[ECO "D10"]
[WhiteElo "2086"]
[BlackElo "1474"]
[Annotator "NA RC"]
[PlyCount "43"]
[EventDate "2019.05.11"]
[EventType "swiss"]
[EventCountry "PAR"]
[SourceTitle "playchess.com"]
[Source "ChessBase"]
[SourceQuality "1"]
[TimeControl "5400+30"]

1. d4 d5 2. c4 c6 3. cxd5 cxd5 4. Nc3 Nf6 5. f3 e6 6. e4 Be7 7. e5 Nfd7 8. f4 O-O 9. Nf3 f6 10. Bd3 fxe5 11. fxe5 Nc6 12. O-O Qb6 13. Na4 Qd8 14. a3 b6 15. Qc2 Bb7 16. Bxh7+ Kh8 17. Bg6 Rc8 18. Qe2 a6 19. Be3 Na5 20. Nh4 Bg5 21. Qh5+ Bh6 22. Bxh6 1-0

[Event "XV South American-ch Open U20 2019"]
[Site "Asuncion"]
[Date "2019.05.11"]
[Round "1.11"]
[White "Ayala Ruiz, Miguel Angel"]
[Black "Suarez, Pedro"]
[Result "0-1"]
[ECO "C41"]
[WhiteElo "1444"]
[BlackElo "2077"]
[Annotator "NA RC"]
[PlyCount "56"]
[EventDate "2019.05.11"]
[EventType "swiss"]
[EventCountry "PAR"]
[SourceTitle "playchess.com"]
[Source "ChessBase"]
[SourceQuality "1"]
[TimeControl "5400+30"]

1. e4 d6 2. d4 Nf6 3. Nc3 Nbd7 4. Nf3 e5 5. dxe5 dxe5 6. a3 Be7 7. Bc4 O-O 8. O-O c6 9. Qe2 b5 10. Ba2 a5 11. Nb1 Qc7 12. Nbd2 Nc5 13. Ne1 Rd8 14. c3 Be6 15. Bxe6 Nxe6 16. Ndf3 Nc5 17. Nd2 Bf8 18. Nc2 Rd7 19. b4 Na4 20. c4 Nc3 21. Qe3 axb4 22. axb4 Rxa1 23. Nxa1 Bxb4 24. Nc2 c5 25. f3 h6 26. cxb5 Nxb5 27. Nc4 Bc3 28. N2a3 Bd4 0-1

[Event "XV South American-ch Open U20 2019"]
[Site "Asuncion"]
[Date "2019.05.12"]
[Round "2.2"]
[White "Munoz, Francisco Javier"]
[Black "Heinechen, Juan"]
[Result "1-0"]
[ECO "C42"]
[WhiteElo "2308"]
[BlackElo "2123"]
[Annotator "NA"]
[PlyCount "59"]
[EventDate "2019.05.11"]
[EventType "swiss"]
[EventCountry "PAR"]
[SourceTitle "playchess.com"]
[Source "ChessBase"]
[SourceQuality "1"]
[TimeControl "5400+30"]

1. e4 e5 2. Nf3 Nf6 3. Nxe5 d6 4. Nf3 Nxe4 5. Nc3 Nxc3 6. dxc3 Be7 7. Be3 Nc6 $11 8. Qd2 Be6 9. O-O-O Qd7 10. Kb1 Bf6 11. h3 a6 12. Ng5 Bxg5 13. Bxg5 f6 14. Be3 O-O-O 15. Be2 Rhe8 16. b3 Bf5 17. c4 a5 18. a3 Qf7 19. Qc3 Qg6 20. g4 Be4 21. Rhg1 h6 22. Kb2 Qf7 23. b4 axb4 24. axb4 d5 25. cxd5 Bxd5 26. Rd2 Ne5 27. Ra1 Rd6 28. Bc5 Rc6 29. Qd4 b6 30. Rd3 1-0

[Event "XV South American-ch Open U20 2019"]
[Site "Asuncion"]
[Date "2019.05.12"]
[Round "2.3"]
[White "Suarez, Pedro"]
[Black "Aguilar, Luis Miguel"]
[Result "1-0"]
[ECO "A61"]
[WhiteElo "2077"]
[BlackElo "2193"]
[Annotator "NA"]
[PlyCount "81"]
[EventDate "2019.05.11"]
[EventType "swiss"]
[EventCountry "PAR"]
[SourceTitle "playchess.com"]
[Source "ChessBase"]
[SourceQuality "1"]
[TimeControl "5400+30"]

1. d4 Nf6 2. c4 c5 3. d5 e6 4. Nc3 exd5 5. cxd5 d6 6. Nf3 g6 7. Bf4 a6 8. a4 Bg7 9. h3 O-O 10. e3 Ne8 11. Be2 Nd7 12. O-O Rb8 13. Qc2 Qe7 14. Rfd1 Ne5 15. Rab1 Bf5 16. e4 Bd7 17. Nxe5 Bxe5 18. Bxe5 Qxe5 19. b4 f5 20. bxc5 dxc5 21. d6 fxe4 22. Bc4+ Kh8 23. Rd5 Qf4 24. Nxe4 Bc6 25. g3 Qh6 26. Rxc5 Rd8 27. Ng5 Rxd6 28. Qc3+ Nf6 29. Qe5 Rd7 30. Ne6 Re7 31. Qc3 Rxe6 32. Bxe6 Qg7 33. Re1 Ne8 34. Qxg7+ Nxg7 35. Bd5 Bxa4 36. Bxb7 Bb5 37. Rc7 Nf5 38. g4 Nd4 39. Ree7 Nf3+ 40. Bxf3 Rxf3 41. Rc8+ 1-0

[Event "XV South American-ch Open U20 2019"]
[Site "Asuncion"]
[Date "2019.05.12"]
[Round "2.4"]
[White "Zambrano Acebo, Jean Junior"]
[Black "Menacho Admen, Victor Gabriel"]
[Result "1-0"]
[ECO "C62"]
[WhiteElo "2174"]
[BlackElo "1103"]
[Annotator "NA"]
[PlyCount "43"]
[EventDate "2019.05.11"]
[EventType "swiss"]
[EventCountry "PAR"]
[SourceTitle "playchess.com"]
[Source "ChessBase"]
[SourceQuality "1"]
[TimeControl "5400+30"]

1. e4 e5 2. Nf3 Nc6 3. Bb5 d6 4. d4 f6 5. h3 Bd7 6. Nc3 a6 7. Ba4 exd4 8. Nxd4 Nxd4 9. Bxd7+ Qxd7 10. Qxd4 Ne7 11. b3 Nc6 12. Qd2 Ne7 13. Bb2 O-O-O 14. O-O-O c6 15. f4 d5 16. e5 fxe5 17. Na4 Kb8 18. Bxe5+ Ka7 19. Qd4+ b6 20. Qxb6+ Ka8 21. Qxa6+ Qa7 22. Nb6# 1-0

[Event "XV South American-ch Open U20 2019"]
[Site "Asuncion"]
[Date "2019.05.12"]
[Round "2.5"]
[White "Zapata Charles, Santiago"]
[Black "Vazquez, Facundo"]
[Result "1-0"]
[ECO "C06"]
[WhiteElo "2322"]
[BlackElo "2086"]
[Annotator "ChessBase"]
[PlyCount "112"]
[EventDate "2019.05.11"]
[EventType "swiss"]
[EventCountry "PAR"]
[SourceTitle "playchess.com"]
[Source "ChessBase"]
[SourceQuality "1"]
[TimeControl "5400+30"]

1. e4 e6 2. d4 d5 3. Nd2 Nf6 4. e5 Nfd7 5. Bd3 c5 6. c3 Nc6 7. Ne2 cxd4 8. cxd4 f6 9. exf6 Nxf6 10. O-O Bd6 11. Nf3 Qc7 12. h3 O-O 13. Be3 Bd7 14. Rc1 Rac8 15. a3 Qb6 16. b4 a5 17. b5 Nd8 18. Rxc8 Bxc8 19. a4 Nf7 20. Ne5 Qd8 21. f4 Bb4 22. Qb1 Nd6 23. Ng3 Qe7 24. Rf3 g6 25. Rf2 Nf5 26. Nxf5 exf5 27. Bd2 Bxd2 28. Rxd2 Nh5 29. Rf2 Be6 30. Qe1 Qb4 31. Qxb4 axb4 32. Rb2 Nxf4 33. Bf1 Ra8 34. Rxb4 Kf8 35. b6 Ke7 36. Bb5 Bc8 37. Kf2 Ne6 38. Ke3 Nf8 39. Rb2 g5 40. Rc2 f4+ 41. Kd2 Ne6 42. Kc3 Nd8 43. Kb4 Ne6 44. Re2 Kf6 45. Kc3 h5 46. Nd3 g4 47. hxg4 hxg4 48. Nb4 f3 49. gxf3 gxf3 50. Nxd5+ Kg5 51. Re5+ Kg4 52. Ne7 Nf4 53. Kd2 Be6 54. Ke3 Rh8 55. Re4 Rf8 56. Ng6 f2 1-0

[Event "XV South American-ch Open U20 2019"]
[Site "Asuncion"]
[Date "2019.05.12"]
[Round "2.7"]
[White "Cosme Contreras, Trilce"]
[Black "Cantero, Rodolfo"]
[Result "0-1"]
[ECO "A32"]
[WhiteElo "2051"]
[BlackElo "2059"]
[Annotator "NA RC"]
[PlyCount "114"]
[EventDate "2019.05.11"]
[EventType "swiss"]
[EventCountry "PAR"]
[SourceTitle "playchess.com"]
[Source "ChessBase"]
[SourceQuality "1"]
[TimeControl "5400+30"]

1. d4 Nf6 2. c4 e6 3. Nf3 Bb4+ 4. Bd2 c5 5. e3 O-O 6. Nc3 cxd4 7. Nxd4 Nc6 8. Be2 d5 9. Nxc6 bxc6 10. O-O Bd6 11. Rc1 Rb8 12. Na4 Ne4 13. Be1 f5 14. f3 Nf6 15. c5 Bc7 16. b3 Qe8 17. Nb2 Qh5 18. f4 Qh6 19. Bc3 e5 20. Nd3 Nd7 21. Bb2 Ba6 22. g3 e4 23. Nf2 Bxe2 24. Qxe2 Rb5 25. Bd4 a5 26. Kh1 a4 27. bxa4 Ra5 28. Rg1 Rxa4 29. Rc2 g6 30. Ba1 Bd8 31. g4 Qh4 32. Rg3 fxg4 33. Nxg4 Bf6 34. Nxf6+ Nxf6 35. Qg2 Qh5 36. Rc1 Nd7 37. Qb2 Nf6 38. Rf1 Qf5 39. Qg2 Nd7 40. Rg5 Qf7 41. f5 d4 42. Bxd4 Rxa2 43. Qg3 Qc4 44. Rb1 Rf7 45. Qg1 Qe2 46. Rf1 Kf8 47. Rf4 Rd2 48. Rf1 Ke7 49. f6+ Nxf6 50. Re5+ Kf8 51. Rg5 Nh5 52. Rxf7+ Kxf7 53. Rg2 Qf3 54. Bc3 Re2 55. Bd4 Ke6 56. h4 Ng3+ 57. Kh2 Nf1+ 0-1

[Event "XV South American-ch Open U20 2019"]
[Site "Asuncion"]
[Date "2019.05.12"]
[Round "2.9"]
[White "Gomez Barrera, Gonzalo Andres"]
[Black "Allo Collante, Enrique"]
[Result "0-1"]
[ECO "B12"]
[WhiteElo "2058"]
[BlackElo "1595"]
[Annotator "NA RC"]
[PlyCount "58"]
[EventDate "2019.05.11"]
[EventType "swiss"]
[EventCountry "PAR"]
[SourceTitle "playchess.com"]
[Source "ChessBase"]
[SourceQuality "1"]
[TimeControl "5400+30"]

1. e4 c6 2. d4 d5 3. e5 Bf5 4. h4 h5 5. Bd3 Bxd3 6. Qxd3 e6 7. Bg5 Be7 8. Nf3 Nh6 9. Bxh6 Rxh6 10. c4 dxc4 11. Qxc4 Rg6 12. O-O Nd7 13. Nc3 Nb6 14. Qb3 Rg4 15. a4 a5 16. Rfe1 Bb4 17. Re2 Bxc3 18. bxc3 Qd5 19. Qxd5 Nxd5 20. Rc2 Ke7 21. Rb1 b6 22. g3 f5 23. exf6+ gxf6 24. Kh2 Re4 25. Nd2 Re2 26. Kg2 Rb8 27. Kf3 Rxd2 28. Rxd2 Nxc3 29. Rc2 Nxb1 0-1

[Event "XV South American-ch Open U20 2019"]
[Site "Asuncion"]
[Date "2019.05.12"]
[Round "2.10"]
[White "Orrego Palermo, Marcelo"]
[Black "Benitez Galeano, Alejandro"]
[Result "0-1"]
[ECO "D02"]
[WhiteElo "1632"]
[BlackElo "2052"]
[Annotator "NA"]
[PlyCount "66"]
[EventDate "2019.05.11"]
[EventType "swiss"]
[EventCountry "PAR"]
[SourceTitle "playchess.com"]
[Source "ChessBase"]
[SourceQuality "1"]
[TimeControl "5400+30"]

1. d4 d5 2. Bf4 Nf6 3. e3 e6 4. Nf3 Bd6 5. Nbd2 O-O 6. Bd3 c5 7. c3 Bxf4 8. exf4 Qd6 9. g3 b6 10. O-O Ba6 11. Qe2 Bxd3 12. Qxd3 Nc6 13. Ne5 Rfc8 14. Rac1 c4 15. Qe3 b5 16. b3 Qa3 17. Ra1 a5 18. Rfc1 Rab8 19. h3 Qd6 20. g4 cxb3 21. axb3 Ra8 22. Ndf3 b4 23. Nxc6 Rxc6 24. Ne5 Rcc8 25. c4 dxc4 26. Nxc4 Qd8 27. Rxa5 Rxc4 28. Rxa8 Rxc1+ 29. Qxc1 Qxa8 30. Qc5 Nd5 31. f5 exf5 32. gxf5 h6 33. f3 Nf4 0-1

[Event "XV South American-ch Open U20 2019"]
[Site "Asuncion"]
[Date "2019.05.12"]
[Round "2.11"]
[White "Araoz Andrade, Ivan Alexander"]
[Black "Ayala Ruiz, Miguel Angel"]
[Result "1-0"]
[ECO "B42"]
[WhiteElo "1843"]
[BlackElo "1444"]
[Annotator "NA"]
[PlyCount "49"]
[EventDate "2019.05.11"]
[EventType "swiss"]
[EventCountry "PAR"]
[SourceTitle "playchess.com"]
[Source "ChessBase"]
[SourceQuality "1"]
[TimeControl "5400+30"]

1. e4 c5 2. Nf3 e6 3. d4 cxd4 4. Nxd4 a6 5. Bd3 Nf6 6. O-O Qc7 7. Qe2 Nc6 8. Nxc6 bxc6 9. e5 Nd5 10. a3 Be7 11. c4 Nb6 12. Nc3 c5 13. f4 f6 14. Qh5+ Kf8 15. exf6 Bxf6 16. f5 Qe5 17. Bf4 Qd4+ 18. Kh1 e5 19. Rad1 g6 20. Bh6+ Ke7 21. fxg6 hxg6 22. Qxg6 Qh4 23. Rxf6 Rxh6 24. Qg7+ Kd8 25. Qf8+ 1-0

[Event "XV South American-ch Open U20 2019"]
[Site "Asuncion"]
[Date "2019.05.12"]
[Round "2.12"]
[White "Avalos Sanabria, Augusto Alfredo"]
[Black "Melian, Juan Sebastian"]
[Result "0-1"]
[ECO "B40"]
[WhiteElo "1474"]
[BlackElo "1786"]
[Annotator "NA"]
[PlyCount "64"]
[EventDate "2019.05.11"]
[EventType "swiss"]
[EventCountry "PAR"]
[SourceTitle "playchess.com"]
[Source "ChessBase"]
[SourceQuality "1"]
[TimeControl "5400+30"]

1. e4 c5 2. Nc3 e6 3. Nf3 a6 4. Be2 b5 5. a3 Bb7 6. d3 d6 7. O-O Nf6 8. h3 Nbd7 9. Bg5 h6 10. Bh4 Be7 11. Qd2 g5 12. Bg3 g4 13. Ne1 gxh3 14. gxh3 h5 15. Kh2 h4 16. Bf4 Qc7 17. Bg4 Nxg4+ 18. hxg4 Nf6 19. f3 e5 20. Be3 d5 21. Bf2 O-O-O 22. Qe2 d4 23. Nd1 Nh7 24. c3 Nf8 25. cxd4 exd4+ 26. Kh3 Ng6 27. Ng2 Qf4 28. Qe1 Qxf3+ 29. Kh2 Bd6+ 30. Kg1 h3 31. Nde3 dxe3 32. Nxe3 h2# 0-1

[Event "XV South American-ch Open U20 2019"]
[Site "Asuncion"]
[Date "2019.05.12"]
[Round "3.8"]
[White "Menacho Admen, Victor Gabriel"]
[Black "Vazquez, Facundo"]
[Result "0-1"]
[ECO "D00"]
[WhiteElo "1103"]
[BlackElo "2086"]
[Annotator "NA RC"]
[PlyCount "58"]
[EventDate "2019.05.11"]
[EventType "swiss"]
[EventCountry "PAR"]
[SourceTitle "playchess.com"]
[Source "ChessBase"]
[SourceQuality "1"]
[TimeControl "5400+30"]

1. d4 Nf6 2. Nf3 g6 3. Nc3 d5 4. Bf4 Bg7 5. e3 O-O 6. Bd3 Nbd7 {D00: 1 d4 d5: Unusual lines} (6... c5 7. h3 Nc6 8. O-O cxd4 9. exd4 Nb4 10. Re1 a6 11. Qe2 Re8 12. Be5 Bd7 13. a3 Nxd3 14. cxd3 Rc8 15. Qd2 Bc6 16. b4 {½-½ (16) Brito,L (2346)-Perdomo,L (2466) Pocos de Caldas 2018}) 7. O-O c6 8. Re1 Nh5 9. Be5 $146 ({Predecessor:} 9. Bg3 Nxg3 10. hxg3 e5 11. dxe5 Nxe5 12. Nxe5 Bxe5 13. Qd2 Qa5 14. a3 c5 {½-½ (38) Bilan,D (1894)-Vystavkin,A (2055) Obninsk 2012}) 9... Nxe5 10. Nxe5 Qc7 11. e4 dxe4 12. Bxe4 Rd8 13. Bf3 Nf4 14. h3 Ne6 15. Re4 Bxe5 16. Rxe5 Nxd4 17. Qe1 Nxf3+ 18. gxf3 Bxh3 19. Rxe7 Qf4 20. Qe3 Qxe3 21. fxe3 Rd2 22. Rc1 Rad8 23. Rxb7 $19 (23. Ne4 Rg2+ 24. Kh1) 23... Rg2+ 24. Kf1 Rxc2+ 25. Kg1 Rg2+ 26. Kh1 Rdd2 27. Rxa7 Rh2+ 28. Kg1 Rdg2+ 29. Kf1 Rh1# 0-1

[Event "XV South American-ch Open U20 2019"]
[Site "Asuncion"]
[Date "2019.05.12"]
[Round "3.10"]
[White "Mayeregger, Arnold"]
[Black "Cosme Contreras, Trilce"]
[Result "1-0"]
[ECO "E81"]
[WhiteElo "1913"]
[BlackElo "2051"]
[Annotator "NA RC"]
[PlyCount "59"]
[EventDate "2019.05.11"]
[EventType "swiss"]
[EventCountry "PAR"]
[SourceTitle "playchess.com"]
[Source "ChessBase"]
[SourceQuality "1"]
[TimeControl "5400+30"]

1. d4 Nf6 2. c4 g6 3. Nc3 Bg7 4. e4 d6 5. f3 O-O 6. Be3 Nfd7 7. Qd2 {E81: King's Indian: Sämisch: 6th move deviations (including 6 Be3 c6)} c5 8. d5 Qa5 9. h4 (9. Bh6 Bxh6 10. Qxh6 b5 11. h4 bxc4 12. h5 Nf6 13. O-O-O Qb4 14. e5 dxe5 15. d6 e6 16. Nh3 Nbd7 17. Ng5 Rb8 18. Rd2 {1-0 (18) Wang,H (2722)-Zhou,J (2652) Danzhou 2010}) 9... h5 10. Nge2 $146 ({Predecessor:} 10. Bh6 Bxc3 11. bxc3 Rd8 12. g4 Nf6 13. gxh5 Nxh5 14. Ne2 Nd7 {1-0 (38) Tudor,V (1400)-Dumitrescu,F (2084) ICCF email 2009}) 10... Ne5 11. Nc1 a6 12. Be2 Bd7 13. Rg1 b5 14. g4 hxg4 15. fxg4 bxc4 16. h5 Rc8 17. Bh6 Bh8 18. Rh1 Qd8 19. Qf4 Qe8 $2 ({Better is} 19... Bf6 $11) 20. Qh2 (20. hxg6 $18 fxg6 21. Bg5) 20... f6 21. hxg6 Nxg6 (21... Qxg6 $16 {was called for.} 22. Bf4 Bg7) 22. Be3 (22. Bxc4 $18 Qf7 23. Be2) 22... Qf7 23. Bxc4 Qg7 24. Be2 Kf7 25. Nd3 Rg8 26. Qh5 a5 27. Nf4 Na6 28. Ne6 Bxe6 29. dxe6+ Ke8 30. Qd5 $18 1-0

[Event "XV South American-ch Open U20 2019"]
[Site "Asuncion"]
[Date "2019.05.12"]
[Round "3.11"]
[White "Avalos Sanabria, Augusto Alfredo"]
[Black "Gomez Barrera, Gonzalo Andres"]
[Result "0-1"]
[ECO "E61"]
[WhiteElo "1474"]
[BlackElo "2058"]
[Annotator "NA RC"]
[PlyCount "80"]
[EventDate "2019.05.11"]
[EventType "swiss"]
[EventCountry "PAR"]
[SourceTitle "playchess.com"]
[Source "ChessBase"]
[SourceQuality "1"]
[TimeControl "5400+30"]

1. d4 Nf6 2. Nf3 g6 3. Bf4 Bg7 4. c4 O-O 5. e3 d6 6. h3 Nfd7 7. Nc3 e5 {E61: King's Indian: Early deviations for White, including Smyslov System} 8. Bh2 Re8 (8... exd4 9. exd4 Nc6 10. Be2 Re8 11. O-O Nb6 12. b3 a6 13. Qd2 Bf5 14. Rad1 d5 15. c5 Nc8 16. Qf4 Re7 17. Rfe1 N8a7 18. Bf1 Rxe1 19. Rxe1 {1-0 (31) Ivanchuk,V (2781)-Svidler,P (2738) Moscow 2008}) 9. dxe5 $146 ({Predecessor:} 9. Be2 e4 10. Nd2 f5 11. Qb3 Nf6 12. O-O-O b6 13. g4 Nc6 14. Rdg1 Na5 15. Qc2 {0-1 (48) Akshayraj,K (2300)-Kononenko,D (2449) Denizli 2003}) 9... dxe5 10. Be2 c6 11. Ne4 Qe7 12. Nd6 Rd8 13. Ne4 Nc5 14. Qc2 Bf5 15. Nfd2 Rxd2 16. Qxd2 Nxe4 17. Qa5 b6 18. Qa4 Nc5 19. Qa3 Nd3+ 20. Bxd3 Qxa3 21. bxa3 Bxd3 22. O-O-O e4 23. f3 Na6 24. fxe4 Bxe4 25. Rhg1 Nc5 26. Bd6 Nd3+ 27. Kd2 Rd8 28. Be7 Rd7 29. Bg5 Nf2+ 30. Ke2 Rxd1 31. Kxf2 Rxg1 32. Kxg1 Bf8 33. a4 Bd3 34. Bf6 Bxc4 35. Bc3 Bxa2 36. a5 b5 37. Kf2 b4 38. Bd4 b3 39. Ke2 c5 40. Bb2 Bg7 0-1

[Event "XV South American-ch Open U20 2019"]
[Site "Asuncion"]
[Date "2019.05.12"]
[Round "3.12"]
[White "Ayala Ruiz, Miguel Angel"]
[Black "Orrego Palermo, Marcelo"]
[Result "1-0"]
[ECO "B01"]
[WhiteElo "1444"]
[BlackElo "1632"]
[Annotator "NA RC"]
[PlyCount "91"]
[EventDate "2019.05.11"]
[EventType "swiss"]
[EventCountry "PAR"]
[SourceTitle "playchess.com"]
[Source "ChessBase"]
[SourceQuality "1"]
[TimeControl "5400+30"]

1. e4 d5 2. exd5 Qxd5 3. Nc3 Qd6 4. d4 Nf6 5. Nf3 a6 6. Bc4 b5 7. Bb3 Bb7 8. O-O e6 9. Bg5 Nbd7 10. Qe2 c5 11. dxc5 Qxc5 12. Rad1 Bd6 13. Bxe6 fxe6 14. Qxe6+ Be7 15. Bxf6 Nxf6 16. Ne5 Rf8 17. Rd7 Bc8 18. Rxe7+ Qxe7 19. Qc6+ Nd7 20. Nxd7 Qxd7 21. Qxa8 Kf7 22. Qd5+ Qxd5 23. Nxd5 Be6 24. Nc7 Bxa2 25. b3 Rc8 26. Nxa6 Rxc2 27. Nb4 Rb2 28. Nxa2 Rxa2 29. Rb1 b4 30. g4 Kf6 31. Kg2 Rc2 32. Re1 Rb2 33. Re3 h6 34. Kg3 Rb1 35. Kf4 Rb2 36. Rf3 Re2 37. Kg3+ Kg6 38. Rf4 h5 39. h3 hxg4 40. hxg4 Rb2 41. Rxb4 Kf6 42. Rf4+ Ke5 43. b4 g6 44. f3 Rb1 45. Re4+ Kf6 46. Kf4 1-0

[Event "XV South American-ch Open U20 2019"]
[Site "Asuncion"]
[Date "2019.05.13"]
[Round "4.5"]
[White "Vazquez, Facundo"]
[Black "Benitez Galeano, Alejandro"]
[Result "1/2-1/2"]
[ECO "E69"]
[WhiteElo "2086"]
[BlackElo "2052"]
[Annotator "NA RC"]
[PlyCount "105"]
[EventDate "2019.05.11"]
[EventType "swiss"]
[EventCountry "PAR"]
[SourceTitle "playchess.com"]
[Source "ChessBase"]
[SourceQuality "1"]
[TimeControl "5400+30"]

1. d4 Nf6 2. c4 g6 3. g3 Bg7 4. Bg2 O-O 5. Nc3 d6 6. Nf3 Nbd7 7. O-O e5 8. e4 exd4 9. Nxd4 Re8 10. h3 Nc5 11. Re1 c6 12. Qc2 a5 13. Be3 Qc7 14. Rad1 Be6 15. b3 Rad8 16. a3 Qe7 17. f4 Bc8 18. Bf2 {[%emt 0:01:30] E69: King's Indian: Fianchetto: 6...Nbd7 7 0-0 e5 8 e4 c6 9 h3} h5 $146 ({Predecessor:} 18... Nfd7 19. Re2 Qf6 20. Red2 h5 21. Nde2 Bf8 22. b4 {½-½ (24) Neckar,L (2425)-Pekarek,A (2335) Prague 1983}) 19. b4 axb4 20. axb4 Ne6 21. Nf3 Nd7 22. Nd5 Qf8 23. Nb6 Qe7 24. Nxc8 Rxc8 25. Qd2 Rcd8 26. g4 (26. b5 $16) 26... hxg4 27. hxg4 g5 $1 28. Nxg5 Nxg5 29. fxg5 Ne5 30. Bh4 Rd7 ({Worse is} 30... Nxg4 31. Qf4 $16) 31. Qe2 Ra8 32. Kh1 Ng6 33. Qf2 Qe6 34. Bf3 $2 (34. Bg3 $17) 34... Qxc4 35. Bg3 Qxb4 36. e5 Re8 (36... d5 $19 37. e6 Re7) 37. exd6 Red8 ({Black should try} 37... Be5 $1 $15) 38. Be4 Ne5 $2 {[%emt 0:03:35] [#]} (38... Be5 $16) 39. Rb1 $2 (39. Qh2 $1 $18 Ng6 40. Bf5) 39... Qxd6 40. Qh2 Re8 41. Qh7+ Kf8 42. g6 Qc5 43. Rf1 Qe3 44. gxf7 Nxf7 45. Rxf7+ Rxf7 46. Bd6+ {[#]} Ree7 $1 47. Bxe7+ Rxe7 48. Qf5+ Kg8 49. Qh7+ Kf7 50. Qg6+ Kg8 51. Qh7+ Kf8 52. Qf5+ $1 Kg8 $11 53. Qh7+ 1/2-1/2

[Event "XV South American-ch Open U20 2019"]
[Site "Asuncion"]
[Date "2019.05.13"]
[Round "4.6"]
[White "Donoso Diaz, Sebastian"]
[Black "Mayeregger, Arnold"]
[Result "1-0"]
[ECO "E16"]
[WhiteElo "2251"]
[BlackElo "1913"]
[Annotator "ChessBase"]
[PlyCount "91"]
[EventDate "2019.05.11"]
[EventType "swiss"]
[EventCountry "PAR"]
[SourceTitle "playchess.com"]
[Source "ChessBase"]
[SourceQuality "1"]
[TimeControl "5400+30"]

1. d4 Nf6 2. c4 e6 3. Nf3 Bb4+ 4. Bd2 c5 5. g3 b6 6. Bxb4 cxb4 7. Bg2 Bb7 8. O-O O-O 9. a3 bxa3 10. Nxa3 d6 11. Nb5 a6 12. Nc3 Nbd7 13. d5 e5 14. Nd2 Ne8 15. e4 a5 16. Bh3 Nc5 17. Qe2 Bc8 18. Bxc8 Qxc8 19. f4 f6 20. Nb5 Qd8 21. b4 axb4 22. Na7 Nc7 23. Nc6 Qd7 24. Nxb4 Rxa1 25. Rxa1 Ra8 26. Rxa8+ Nxa8 27. Nc6 Nc7 28. Nb1 g6 29. fxe5 fxe5 30. Nc3 N7a6 31. Qb2 Nd3 32. Qxb6 Nac5 33. Qb8+ Kg7 34. Nd8 Qe7 35. Nd1 Nc1 36. Nf2 Ne2+ 37. Kg2 Nd4 38. Nc6 Nxc6 39. dxc6 Ne6 40. Qb7 Kf8 41. h4 Ke8 42. Qc8+ Kf7 43. Ng4 Qc7 44. Qb7 Ke8 45. Ne3 Kd8 46. Nd5 1-0

[Event "XV South American-ch Open U20 2019"]
[Site "Asuncion"]
[Date "2019.05.13"]
[Round "4.7"]
[White "Gimenez Aguirre, Alejo Ismael"]
[Black "Allo Collante, Enrique"]
[Result "1-0"]
[ECO "B12"]
[WhiteElo "2247"]
[BlackElo "1595"]
[Annotator "RC"]
[PlyCount "49"]
[EventDate "2019.05.11"]
[EventType "swiss"]
[EventCountry "PAR"]
[SourceTitle "playchess.com"]
[Source "ChessBase"]
[SourceQuality "1"]
[TimeControl "5400+30"]

1. e4 c6 2. d4 d5 3. e5 Bf5 4. Ne2 e6 5. c3 Nd7 6. Nf4 h6 7. Nd2 Ne7 8. b4 a5 9. a3 Nc8 10. Bb2 Ndb6 11. Rc1 axb4 12. cxb4 Na4 13. Ba1 Be7 14. Nb3 Bg5 15. Qd2 Na7 16. Na5 Qe7 17. h4 Bxf4 18. Qxf4 Rc8 19. g4 Bg6 20. Rh3 f6 21. h5 Bh7 22. exf6 gxf6 23. Qxh6 b6 24. Nxc6 Nxc6 25. Rxc6 1-0

[Event "XV South American-ch Open U20 2019"]
[Site "Asuncion"]
[Date "2019.05.13"]
[Round "4.10"]
[White "Gomez Barrera, Gonzalo Andres"]
[Black "Menacho Admen, Victor Gabriel"]
[Result "1-0"]
[ECO "C50"]
[WhiteElo "2058"]
[BlackElo "1103"]
[Annotator "NA RC"]
[PlyCount "29"]
[EventDate "2019.05.11"]
[EventType "swiss"]
[EventCountry "PAR"]
[SourceTitle "playchess.com"]
[Source "ChessBase"]
[SourceQuality "1"]
[TimeControl "5400+30"]

1. e4 e5 2. Bc4 Nc6 3. Nf3 d6 4. d4 Bg4 5. h3 Bh5 6. d5 Bxf3 7. Qxf3 Nd4 8. Qd3 a6 9. c3 $18 b5 10. cxd4 bxc4 11. Qxc4 g6 12. dxe5 dxe5 13. Qc6+ Ke7 14. Bg5+ f6 15. Qe6# 1-0

[Event "XV South American-ch Open U20 2019"]
[Site "Asuncion"]
[Date "2019.05.13"]
[Round "4.11"]
[White "Melian, Juan Sebastian"]
[Black "Cosme Contreras, Trilce"]
[Result "*"]
[ECO "A48"]
[WhiteElo "1786"]
[BlackElo "2051"]
[Annotator "NA RC"]
[PlyCount "23"]
[EventDate "2019.05.11"]
[EventType "swiss"]
[EventCountry "PAR"]
[SourceTitle "playchess.com"]
[Source "ChessBase"]
[SourceQuality "1"]
[TimeControl "5400+30"]

1. d4 Nf6 2. Nf3 g6 3. Bg5 Bg7 4. Nbd2 O-O 5. c3 d6 6. e4 c5 7. dxc5 dxc5 8. Bc4 Nc6 9. Qe2 Qc7 10. O-O Rb8 11. a4 a6 $14 (11... b6 $11) 12. Rfe1 *

[Event "XV South American-ch Open U20 2019"]
[Site "Asuncion"]
[Date "2019.05.13"]
[Round "4.11"]
[White "Melian, Juan Sebastian"]
[Black "Cosme Contreras, Trilce"]
[Result "1-0"]
[ECO "A48"]
[WhiteElo "1786"]
[BlackElo "2051"]
[Annotator "NA RC"]
[PlyCount "39"]
[EventDate "2019.05.11"]
[EventType "swiss"]
[EventCountry "PAR"]
[SourceTitle "playchess.com"]
[Source "ChessBase"]
[SourceQuality "1"]
[TimeControl "5400+30"]

1. d4 Nf6 2. Nf3 g6 3. Bg5 Bg7 4. Nbd2 O-O 5. c3 d6 6. e4 c5 7. dxc5 dxc5 8. Bc4 Nc6 9. Qc2 Qc7 10. O-O Rb8 11. a4 a6 12. Rfe1 b5 13. axb5 axb5 14. Bf1 e5 15. Be3 Nd7 16. Nb3 Nd8 17. c4 $11 b4 $1 18. Bd3 h6 19. Nfd2 Ne6 20. f3 1-0

[Event "XV South American-ch Open U20 2019"]
[Site "Asuncion"]
[Date "2019.05.13"]
[Round "4.12"]
[White "Orrego Palermo, Marcelo"]
[Black "Avalos Sanabria, Augusto Alfredo"]
[Result "1-0"]
[ECO "D10"]
[WhiteElo "1632"]
[BlackElo "1474"]
[Annotator "NA RC"]
[PlyCount "40"]
[EventDate "2019.05.11"]
[EventType "swiss"]
[EventCountry "PAR"]
[SourceTitle "playchess.com"]
[Source "ChessBase"]
[SourceQuality "1"]
[TimeControl "5400+30"]

1. d4 d5 2. c4 c6 3. cxd5 cxd5 4. Bf4 Nf6 5. Nc3 Bf5 6. e3 e6 7. Qb3 b6 8. Nb5 Na6 9. Qa4 Nb4 10. Nd6+ Ke7 11. Qxb4 Kd7 12. Bb5+ Kc7 13. Rc1+ Kb8 14. Nxf7+ Kb7 15. Nxd8+ Rxd8 16. Bc6+ Kc8 17. Bb5+ Kb7 18. Rc7+ Ka8 19. Bc6+ Kb8 20. Re7+ Kc8 1-0